 Dungeon Crawl Stone Soup version 0.17.1-1-g73c8601 (webtiles) character file.

46 jueuk the Magician (level 3, -6/19 HPs)
             Began as a Deep Elf Fire Elementalist on Jan 26, 2016.
             Engulfed by a cloud of steam (10 damage)
             ... on level 2 of the Dungeon.
             The game lasted 00:08:18 (2009 turns).

jueuk the Magician (Deep Elf Fire Elementalist)     Turns: 2009, Time: 00:08:19

Health: -6/19      AC:  4    Str:  5    XL:     3   Next: 44%
Magic:  10/10      EV: 13    Int: 20    God:
Gold:   80         SH:  0    Dex: 15    Spells: 3 memorised, 4 levels left

rFire  . . .     SeeInvis .     e - -2 whip (curse)
rCold  . . .     Clarity  .     a - +0 robe
rNeg   . . .     SustAt   .     (no shield)
rPois  .         Gourm    .     (no helmet)
rElec  .         Spirit   .     (no cloak)
rCorr  .         Warding  .     g - +1 pair of gloves
rMut   .         Stasis   .     (no boots)
MR     .....                    (no amulet)
Stlth  ++........               (no ring)
                                (no ring)

@: lethally poisoned (-6 -> -13), not resistant to hostile enchantments,
unstealthy
A: no striking features
a: no special abilities


You were on level 2 of the Dungeon.
You were not hungry.

You visited 1 branch of the dungeon, and saw 2 of its levels.

You collected 80 gold pieces.

Inventory:

Hand Weapons
 e - a cursed -2 whip (weapon)
 f - a +0 short sword
 n - a +0 falchion
Armour
 a - a +0 robe (worn)
 g - a +1 pair of gloves (worn)
Wands
 l - a wand of polymorph (15)
Scrolls
 k - a scroll of identify
 m - a scroll of remove curse
Books
 b - a book of Flames

   Spells                             Type                      Level
   a - Flame Tongue                   Conjuration/Fire             1
   b - Throw Flame                    Conjuration/Fire             2
   c - Conjure Flame                  Conjuration/Fire             3
   d - Inner Flame                    Hexes/Fire                   3
   e - Sticky Flame                   Conjuration/Fire             4
   f - Fireball                       Conjuration/Fire             5
 h - a book of Callings

   Spells                             Type                      Level
   a - Summon Small Mammal            Summoning                    1
   b - Call Imp                       Summoning                    2
   c - Call Canine Familiar           Summoning                    3
   d - Summon Guardian Golem          Hexes/Summoning              3
   e - Summon Lightning Spire         Summoning/Air                4
   f - Summon Ice Beast               Ice/Summoning                4
Comestibles
 c - 2 bread rations
 d - 2 chunks of flesh
 i - 2 beef jerkies
 j - 3 meat rations


   Skills:
 + Level 2.9 Dodging
 + Level 2.5 Stealth
 + Level 4.0 Spellcasting
 + Level 1.5 Conjurations
 + Level 3.8 Fire Magic


You had 4 spell levels left.
You knew the following spells:

 Your Spells              Type           Power        Failure   Level  Hunger
a - Flame Tongue          Conj/Fire      ##...        4%          1    None
b - Throw Flame           Conj/Fire      ##....       10%         2    #......
c - Conjure Flame         Conj/Fire      ##......     14%         3    ###....


Dungeon Overview and Level Annotations

Branches:
Dungeon (2/15)

Altars:


Message History

That liquid tasted very nasty...
You are poisoned.
You feel sick.
You start resting.
You feel sick.
You start resting.
You feel sick.
You start resting.
You feel sick.
You start resting.
You feel sick.
You start resting.
You feel sick.
You start resting.
You feel sick.
You start resting.
You feel sick.
You're standing in a cloud of steam!
You're standing in a cloud of steam!
You feel sick.
You feel sick.
You are engulfed in a cloud of scalding steam.
* * * LOW HITPOINT WARNING * * *
You see here a meat ration.
j - 3 meat rations (gained 1)
You are engulfed in a cloud of scalding steam.
Ouch! That really hurt!
You die...

#.....≈≈≈≈≈≈.......
..
#.....≈≈≈≈≈≈≈.....##
#.....≈≈≈§§≈≈≈....#
#..≈..≈≈≈≈§§§≈....#
##...≈≈≈≈§§§§§§§..#
#...≈.≈≈≈§≈§§.§..#
#...≈≈≈≈≈§.§§§...#
#...≈≈.≈≈§.§..§..#
#...§≈≈≈...§@§..?#
#....≈≈....§.§..)#
##########.§...§.#
#########


There were no monsters in sight!

Vanquished Creatures
  2 worms (D:2)
  A giant gecko (D:1)
  3 goblins
  6 hobgoblins (D:1)
  7 jackals (D:1)
  4 bats
  3 giant newts
  7 kobolds
  6 rats
39 creatures vanquished.

Vanquished Creatures (others)
  An adder (D:2)
1 creature vanquished.

Grand Total: 40 creatures vanquished

Notes
Turn   | Place    | Note
--------------------------------------------------------------
     0 | D:1      | jueuk the Deep Elf Fire Elementalist began the quest for the Orb.
     0 | D:1      | Reached XP level 1. HP: 10/10 MP: 6/6
   487 | D:1      | Reached XP level 2. HP: 15/15 MP: 6/8
   560 | D:1      | Learned a level 2 spell: Throw Flame
  1171 | D:1      | Reached XP level 3. HP: 19/19 MP: 8/10
  1176 | D:1      | Learned a level 3 spell: Conjure Flame
  1369 | D:2      | Found a faded altar to an unknown god.
  1756 | D:2      | Reached skill level 4 in Spellcasting
  2009 | D:2      | Engulfed by a cloud of steam

Action                   || total
-------------------------++-------
Melee: Short sword       ||     4
 Cast: Flame Tongue      ||    64
       Conjure Flame     ||     2
  Use: Potion            ||     4
       Scroll            ||     4
  Eat: Chunk             ||     3
